 Dungeon Crawl Stone Soup version 0.23.2-1-ga50397a (webtiles) character file.

Game seed: 3253255611627838149

434 Hogrash the Cleaver (level 7, -3/57 HPs)
             Began as a Hill Orc Monk on May 10, 2019.
             Slain by an ogre
             ... wielding a +0 giant club
              (20 damage)
             ... on level 4 of the Dungeon.
             The game lasted 00:11:04 (4690 turns).

Hogrash the Cleaver (Hill Orc Monk)                 Turns: 4690, Time: 00:11:05

Health: -3/57      AC: 10    Str: 16    XL:     7   Next: 0%
Magic:  7/7        EV:  5    Int: 10    God:
Gold:   181        SH:  0    Dex: 17    Spells: 6/6 levels left

rFire    . . .     SeeInvis .   a - +0 hand axe
rCold    . . .     Gourm    .   (no shield)
rNeg     . . .     Faith    .   b - +0 plate armour
rPois    .         Spirit   .   (no helmet)
rElec    .         Reflect  .   (no cloak)
rCorr    .         Harm     .   (no gloves)
MR       +....                  (no boots)
Stlth    ..........             (no amulet)
HPRegen  0.19/turn              j - +4 ring of dexterity
MPRegen  0.10/turn              u - ring of protection from magic

@: no status effects
A: no striking features
a: no special abilities


You were on level 4 of the Dungeon.
You were not hungry.

You visited 1 branch of the dungeon, and saw 4 of its levels.
You also visited: Sewer.

You collected 181 gold pieces.

Inventory:

Hand Weapons
 a - a +0 hand axe (weapon)
Armour
 b - a +0 plate armour (worn)
 g - a +0 ring mail
 k - a +1 leather armour of cold resistance
 w - a +0 ring mail
Jewellery
 j - a +4 ring of dexterity (left hand)
 u - a ring of protection from magic (right hand)
Wands
 i - a wand of disintegration (21)
 v - a wand of random effects (13)
Scrolls
 d - a scroll of remove curse
 e - a scroll of fog
 f - 2 scrolls of teleportation
 n - a scroll of identify
 r - 2 scrolls of immolation
 t - a scroll of magic mapping {unknown}
Potions
 h - 3 potions of heal wounds
 l - 2 potions of haste {unknown}
 m - 5 potions of curing
 o - a potion of might {unknown}
 p - 3 potions of agility {unknown}
 q - 4 potions of flight {unknown}
 s - a potion of brilliance {unknown}
Comestibles
 c - a ration


   Skills:
 - Level 3.6 Fighting
 + Level 10.0 Axes
 - Level 2.4 Dodging
 - Level 1.5 Stealth


You had 6 spell levels left.
You didn't know any spells.
Your spell library contained the following spells:

 Spells                   Type           Power        Failure   Level  Hunger
 Magic Dart               Conj           #...         100%        1    ##.....
 Blink                    Tloc           N/A          100%        2    ###....
 Call Imp                 Summ           #.......     100%        2    ###....
 Slow                     Hex            #.......     100%        2    ###....
 Conjure Flame            Conj/Fire      #.......     100%        3    ####...
 Mephitic Cloud           Conj/Pois/Air  #.......     100%        3    ####...


Dungeon Overview and Level Annotations

Branches:
Dungeon (4/15)
 Temple: D:4-7

Altars:


Message History

The ogre is severely wounded.
The ogre hits you with a +0 giant club!
* * * LOW HITPOINT WARNING * * *
You hit the ogre.
The ogre is severely wounded.
The ogre barely misses you.
You hit the ogre.
The ogre is severely wounded.
You hit the ogre.
The ogre is almost dead.
The ogre barely misses you.
You hit the ogre but do no damage.
The ogre is almost dead.
Your plate armour prevents you from hitting the ogre.
The ogre is almost dead.
The ogre hits you but does no damage.
You hit the ogre.
The ogre is almost dead.
The ogre hits you with a +0 giant club!!
You die...

#.#######.รท#####...........
#.##..........##...........
#.##.####......#...........
#.##.# #.....[+...........
#.##.# #......#...........
##.##.####....###...........
#.....#.......# #...........
#######.###.#.# #...........
.. #@#.# #........... ##
#O#.. ............ .a#
####.#.....### ...#
#.#.###.# ....# #. #. ......
#. # #.....# . #.#....


You could see an ogre and a worker ant.

Vanquished Creatures
  An ogre (D:2)
  2 big kobolds (Sewer)
  3 iguanas
  4 adders
  An ooze (D:2)
  An adder skeleton (D:4)
  2 worms
  A dart slug (D:2)
  A leopard gecko (D:2)
  3 orcs
  5 bats
  7 giant cockroaches
  8 goblins (D:1)
  7 hobgoblins
  2 jackals (D:1)
  6 ball pythons
  5 frilled lizards
  16 kobolds
  19 rats
94 creatures vanquished.

Notes
Turn   | Place    | Note
-------+----------+-------------------------------------------
     0 | D:1      | Hogrash the Hill Orc Monk began the quest for the Orb.
     0 | D:1      | Reached XP level 1. HP: 19/19 MP: 1/1
   141 | D:1      | Reached XP level 2. HP: 13/26 MP: 2/2
   341 | D:1      | Reached skill level 5 in Axes
   488 | D:1      | Reached XP level 3. HP: 31/31 MP: 3/3
  1086 | D:2      | Noticed an ogre
  1343 | D:2      | Reached skill level 6 in Axes
  1451 | D:2      | Killed an ogre
  1451 | D:2      | Reached skill level 7 in Axes
  1451 | D:2      | Reached XP level 4. HP: 39/39 MP: 4/4
  1451 | D:2      | Reached XP level 5. HP: 45/45 MP: 5/5
  1867 | D:3      | Found a glowing drain.
  2036 | Sewer    | Entered a sewer
  2181 | Sewer    | Reached skill level 8 in Axes
  2296 | Sewer    | Noticed a big kobold
  2296 | Sewer    | Noticed a big kobold
  2377 | Sewer    | Killed a big kobold
  2377 | Sewer    | Reached XP level 6. HP: 17/51 MP: 6/6
  2415 | Sewer    | Reached skill level 9 in Axes
  4384 | D:4      | Reached skill level 10 in Axes
  4384 | D:4      | Reached XP level 7. HP: 28/57 MP: 7/7
  4690 | D:4      | Slain by an ogre

Skill      XL: |  1  2  3  4  5  6 |
---------------+-------------------+-----
Axes           | 5 7 8 10 | 10.0
Fighting       | |  3.6
Dodging        | |  2.4
Stealth        | |  1.5

Action                   |  1- 3 |  4- 6 |  7- 9 || total
-------------------------+-------+-------+-------++-------
Melee: Hand axe          |   112 |   312 |    13 ||   437
  Use: Scroll            |     4 |     3 |     1 ||     8
       Potion            |     2 |       |       ||     2
 Stab: Sleeping          |       |     1 |       ||     1
  Eat: Chunk             |     1 |    10 |     1 ||    12
Armor: Robe              |    11 |       |       ||    11
       Leather armour    |    10 |     4 |       ||    14
       Ring mail         |     1 |     5 |       ||     6
       Skin              |     1 |       |       ||     1
       Plate armour      |       |   161 |     4 ||   165
Dodge: Dodged            |    72 |    79 |     2 ||   153
